 Dungeon Crawl Stone Soup version 0.16.1 (webtiles) character file.

182 FedoraBrony69 the Conjurer (level 5, 0/28 HPs)
             Began as a Deep Elf Conjurer on May 9, 2015.
             Slain by an iguana (11 damage)
             ... on level 4 of the Dungeon.
             The game lasted 00:04:18 (2492 turns).

FedoraBrony69 the Conjurer (Deep Elf Conjurer)      Turns: 2492, Time: 00:04:18

Health: 0/28       AC:  3    Str:  5    XL:     5   Next: 35%
Magic:  7/20       EV: 13    Int: 21    God:
Gold:   57         SH:  0    Dex: 15    Spells: 3 memorised, 5 levels left

rFire  . . .     SeeInvis .     y - +2 mace (venom)
rCold  . . .     Clarity  .     a - +0 robe
rNeg   . . .     SustAb   .     (no shield)
rPois  .         Gourm    .     (no helmet)
rElec  .         Spirit   .     (no cloak)
rCorr  .         Warding  .     d - +0 pair of gloves
rMut   .         Stasis   .     (no boots)
MR     .....                    (no amulet)
Stlth  ++........               (no ring)
                                (no ring)

@: not resistant to hostile enchantments, unstealthy
A: no striking features
a: no special abilities


You were on level 4 of the Dungeon.
You were hungry.

You visited 1 branch of the dungeon, and saw 4 of its levels.

You collected 57 gold pieces.

Inventory:

Hand weapons
 k - a +0 dagger
 x - a +0 trident
 y - a +2 mace of venom (weapon)
Armour
 a - a +0 robe (worn)
 d - a +0 pair of gloves (worn)
Scrolls
 e - 10 scrolls of identify {unknown}
 f - 2 scrolls of fog {unknown}
 g - 3 scrolls of teleportation {unknown}
 l - 3 scrolls of magic mapping {unknown}
 o - 2 scrolls of blinking {unknown}
 u - a scroll of remove curse {unknown}
 v - a scroll of noise {unknown}
 w - a scroll of fear {unknown}
 D - 3 scrolls of amnesia {unknown}
Potions
 i - 2 potions of resistance {unknown}
 j - 2 potions of brilliance {unknown}
 m - 3 potions of cure mutation {unknown}
 n - a potion of haste {unknown}
 p - 2 potions of cancellation {unknown}
 q - 3 potions of heal wounds {unknown}
 r - a potion of mutation {unknown}
 s - 3 potions of poison {unknown}
 t - a potion of agility {unknown}
 z - a potion of flight {unknown}
 A - 2 potions of invisibility {unknown}
Books
 c - a book of Conjurations

   Spells                             Type                      Level
   a - Magic Dart                     Conjuration                  1
   b - Searing Ray                    Conjuration                  2
   c - Dazzling Spray                 Conjuration/Hexes            3
   d - Fulminant Prism                Conjuration/Hexes            4
   e - Iskenderun's Mystic Blast      Conjuration                  4
   f - Iskenderun's Battlesphere      Conjuration/Charms           5
Comestibles
 b - 5 bread rations
 h - 2 meat rations
 B - 2 chunks of flesh
 C - a slice of pizza


   Skills:
 - Level 2.4 Dodging
 - Level 2.4 Stealth
 + Level 5.6 Spellcasting
 + Level 6.0 Conjurations
 * Level 1.1 Charms


You had 5 spell levels left.
You knew the following spells:

 Your Spells              Type           Power        Failure   Level  Hunger
a - Magic Dart            Conj           ####         1%          1    None
b - Iskenderun's Battles  Conj/Chrm      ###.....     78%         5    #####..
c - Iskenderun's Mystic   Conj           ####....     12%         4    ####...


Dungeon Overview and Level Annotations

Branches:
Dungeon (4/15)
 Temple: D:4-7

Altars:
Fedhas
Gozag


Message History

The magic dart hits the iguana.
The iguana is heavily wounded.
The iguana misses you. Something hits you.
Casting: Magic Dart
Confirm with . or Enter, or press ? or * to list all spells.
Aiming: Magic Dart
Press: ? - help, Shift-Dir - straight line, f/p - iguana
Aim: an iguana (heavily wounded)
The magic dart hits the iguana.
The iguana is heavily wounded.
The iguana closely misses you. Something barely misses you.
Casting: Magic Dart
Confirm with . or Enter, or press ? or * to list all spells.
Aiming: Magic Dart
Press: ? - help, Shift-Dir - straight line, f/p - iguana
Aim: an iguana (heavily wounded)
The magic dart hits the iguana.
The iguana is severely wounded.
The iguana bites you!
You die...

......# ##..# #.....#
......### ##..## #####.#
####...(###..## #.#
.............# #.#
......(....#.## #.#
..........###.## #)#
..........# ##.### ###.#
..........# ##..###...#
.......... ##@..#####
...............l{........
........ .....).........
...... ...)...........
..... ............... ..
............. ...........
......... ...


You could see an iguana.

Vanquished Creatures
  A giant frog skeleton (D:4)
  Ijyb (D:3)
  Jessica (D:3)
  6 adders
  A worm (D:2)
  5 orcs
  3 ball pythons
  5 goblins
  7 hobgoblins
  5 jackals
  7 kobolds
  An ooze (D:4)
  4 bats
  3 giant cockroaches
  9 giant newts
  7 rats
66 creatures vanquished.

Notes
Turn   | Place    | Note
--------------------------------------------------------------
     0 | D:1      | FedoraBrony69, the Deep Elf Conjurer, began the quest for the Orb.
     0 | D:1      | Reached XP level 1. HP: 10/10 MP: 5/5
   124 | D:1      | Reached XP level 2. HP: 15/15 MP: 1/8
   931 | D:2      | Reached skill level 5 in Conjurations
   999 | D:2      | Reached XP level 3. HP: 3/19 MP: 0/12
  1141 | D:2      | Found a blossoming altar of Fedhas.
  1636 | D:3      | Reached XP level 4. HP: 21/24 MP: 6/16
  1776 | D:3      | Noticed Ijyb
  1784 | D:3      | Killed Ijyb
  1784 | D:3      | Reached skill level 5 in Spellcasting
  1994 | D:3      | Noticed Jessica
  2001 | D:3      | Killed Jessica
  2121 | D:3      | Found an opulent altar of Gozag.
  2216 | D:4      | Reached XP level 5. HP: 16/28 MP: 8/20
  2223 | D:4      | Learned a level 5 spell: Iskenderun's Battlesphere
  2228 | D:4      | Learned a level 4 spell: Iskenderun's Mystic Blast
  2310 | D:4      | Reached skill level 6 in Conjurations
  2481 | D:4      | Reached skill level 1 in Charms
  2492 | D:4      | Slain by an iguana

Action                   |  1- 3 |  4- 6 || total
-------------------------+-------+-------++-------
Melee: Dagger            |    15 |       ||    15
 Cast: Magic Dart        |    76 |    80 ||   156
  Eat: Chunk             |     1 |     3 ||     4
